 Dungeon Crawl Stone Soup version 0.19-a0-994-g3c636f0 (webtiles) character file.

626 4thArraOfDagon the Ruffian (level 7, -2/59 HPs)
             Began as a Troll Air Elementalist on July 15, 2016.
             Slain by a gnoll
             ... wielding a +0 halberd
              (20 damage)
             ... in a bailey.
             The game lasted 00:06:24 (1035 turns).

4thArraOfDagon the Ruffian (Troll Air Elementalist) Turns: 1035, Time: 00:06:24

Health: -2/59      AC:  5    Str: 17    XL:     7   Next: 23%
Magic:  7/7        EV:  6    Int: 13    God:
Gold:   55         SH: 14    Dex: 10    Spells: 3 memorised, 3 levels left

rFire  . . .     SeeInvis .       - Unarmed
rCold  . . .     Gourm    +     a - +0 robe
rNeg   . . .     Faith    .     g - +1 large shield
rPois  .         Spirit   .     (helmet restricted)
rElec  .         Dismiss  .     (no cloak)
rCorr  .         Reflect  .     (gloves unavailable)
SustAt .         Harm     .     (boots unavailable)
MR     .....                    (no amulet)
Stlth  +.........               (no ring)
                                (no ring)

@: not resistant to hostile enchantments, very unstealthy
A: unfitting armour, claws 3, fast metabolism 3, gourmand, regeneration 2,
shaggy fur 1, tough skin 2
a: no special abilities


You were in a bailey.
You were full.

You visited 1 branch of the dungeon, and saw 7 of its levels.
You also visited: Bailey.

You collected 55 gold pieces.

Inventory:

Armour
 a - a +0 robe (worn)
 g - a +1 large shield (worn)
Scrolls
 d - a scroll of fog
Potions
 e - a potion of curing
 h - a potion of berserk rage
Books
 b - a book of Air

   Spells                             Type                      Level
   a - Shock                          Conjuration/Air              1
   b - Swiftness                      Charms/Air                   2
   c - Repel Missiles                 Charms/Air                   2
   d - Static Discharge               Conjuration/Air              3
   e - Lightning Bolt                 Conjuration/Air              5
Comestibles
 c - 2 bread rations
 f - a meat ration
 j - a slice of pizza


   Skills:
 - Level 1.5 Dodging
 - Level 1.1 Stealth
 * Level 4.0 Shields
 * Level 5.7 Unarmed Combat
 - Level 1.2 Spellcasting
 - Level 0.6 Conjurations
 - Level 2.0 Air Magic


You had 3 spell levels left.
You knew the following spells:

 Your Spells              Type           Power        Failure   Level  Hunger
a - Shock                 Conj/Air       #...         99%         1    ##.....
b - Repel Missiles        Chrm/Air       #.....       100%        2    ###....
c - Swiftness             Chrm/Air       #.......     100%        2    ###....


Dungeon Overview and Level Annotations

Branches:
Dungeon (7/15)
 Temple: D:4-7

Altars:


Innate Abilities, Weirdness & Mutations

You are too large for most types of armour.
You have claws for hands.
Your metabolism is lightning-fast.
You like to eat raw meat.
You heal very quickly.
You are covered in fur. (AC +1)
You have very tough skin. (AC +2)


Message History

* * * LOW HITPOINT WARNING * * *
Unknown command.
You claw the gnoll!
You kill the gnoll!
You block the kobold's attack.
You claw the kobold!
You kill the kobold!
The kobold throws a tomahawk of returning.
You block the tomahawk of returning.
The weapon returns to the kobold!
The gnoll shouts!
The kobold hits you but does no damage.
There is an open door, spattered with blood here.
Items here: ( )) ††† Unknown command.
Okay, then.
Things that are here:
6 tomahawks of returning; a hobgoblin corpse x2
You closely miss the kobold. You block the kobold's attack.
The gnoll hits you from afar with a halberd!!
You die...

## ### ##### ### ##
#.# #.###.')###.###∩
#'##'##'###'##'##'#
#.....## ##..((.##
###...).#####).(†(##
#.'..⌠..'.#.'..∩..'.
###.....#####.....##
##@....# ##)....#
##K##'##'###'##'##'#
#g###.# #.#)###.# #.
#(# ### #### ### #
#.# #g#g# ##' #g# #'
#g


gg# g..gK gg. You could see a gnoll and a kobold.

Vanquished Creatures
  A hippogriff (D:7)
  A centaur (D:5)
  A giant frog zombie (D:5)
  3 hounds
  An orc wizard (D:7)
  2 orc priests (D:7)
  A worker ant (D:7)
  11 gnolls
  A howler monkey skeleton (D:4)
  A shadow imp (D:4)
  13 orcs
  10 hobgoblins
  2 jackals (D:2)
  A quokka (D:5)
  2 bats (D:1)
  4 giant newts
  4 kobolds
  3 rats (D:3)
62 creatures vanquished.

Notes
Turn   | Place    | Note
-------+----------+-------------------------------------------
     0 | D:1      | 4thArraOfDagon the Troll Air Elementalist began the quest for the Orb.
     0 | D:1      | Reached XP level 1. HP: 16/16 MP: 1/1
    29 | D:1      | Reached skill level 1 in Unarmed Combat
   166 | D:2      | Reached XP level 2. HP: 15/24 MP: 2/2
   231 | D:3      | Reached skill level 2 in Unarmed Combat
   259 | D:4      | Reached XP level 3. HP: 28/31 MP: 3/3
   320 | D:4      | Reached skill level 1 in Shields
   331 | D:5      | Entered Level 5 of the Dungeon
   346 | D:5      | Noticed a centaur
   361 | D:5      | Reached skill level 3 in Unarmed Combat
   361 | D:5      | Reached XP level 4. HP: 30/39 MP: 4/4
   373 | D:5      | Killed a centaur
   373 | D:5      | Reached skill level 4 in Unarmed Combat
   373 | D:5      | Reached XP level 5. HP: 28/45 MP: 5/5
   553 | D:7      | Noticed a hippogriff
   570 | D:7      | Killed a hippogriff
   570 | D:7      | Reached skill level 5 in Unarmed Combat
   570 | D:7      | Reached XP level 6. HP: 22/53 MP: 3/6
   574 | D:7      | Learned a level 2 spell: Repel Missiles
   577 | D:7      | Learned a level 2 spell: Swiftness
   772 | D:7      | Reached XP level 7. HP: 51/59 MP: 7/7
   784 | D:7      | Found a flagged portal.
   794 | Bailey   | Entered a bailey
   984 | Bailey   | arkorax: ooh pro speedrun extreme strats
  1035 | Bailey   | Slain by a gnoll

Vault maps used:
D:1:      sevenhm_arrival_forest_fort_large_4
D:2:      first_bread, kennysheep_okawaru_gauntlet
D:3:      tgw_xom
D:4:      marbit_many_paths, serial_shops,
          nicolae_shop_temple_entry_statues_fountains
D:5:      nicolae_underground_beach
D:6:      nemelex_dance_club_becter
D:7:      nicolae_overflow_crystal_walls, enter_bailey_2, serial_shops, shop,
          shop
Bailey:   bailey_axe_2, bailey

Skill      XL: |  1  2  3  4  5  6  7 |
---------------+----------------------+-----
Unarmed Combat | 1 2 3 4 5 |  5.7
Shields        | 1 2 3 4 |  4.0
Dodging        | |  1.5
Stealth        | |  1.1
Spellcasting   | |  1.2
Conjurations   | |  0.6
Air Magic      | |  2.0

Action                   |  1- 3 |  4- 6 |  7- 9 || total
-------------------------+-------+-------+-------++-------
Melee: Unarmed           |    87 |    76 |    63 ||   226
  Use: Scroll            |       |     7 |       ||     7
  Eat: Chunk             |     7 |     4 |     2 ||    13
Armor: Robe              |    30 |    12 |     7 ||    49
Dodge: Dodged            |    49 |    12 |    10 ||    71
Block: Large shield      |    14 |    55 |    66 ||   135
